IL
NORFOLK TIDES @ COLUMBUS CLIPPERS
07/10/2048
 
TOP OF THE 1ST
Norfolk Tides batting - Pitching for Columbus Clippers : RHP Joe Zeiset
Pitching: RHP Joe Zeiset
Batting: RHB Bobby Melillo 0-0: Foul Ball, location: 2F
0-1: Foul Ball, location: 2F
0-2: Strikes out swinging
Batting: RHB Mario Saez 0-0: Called Strike
0-1: Ball
1-1: Ground out 6-3 (Groundball, 6M, EV 107.5 MPH)
Batting: LHB Wes Goscinski 0-0: Foul Ball, location: 2F
0-1: Ball
1-1: Swinging Strike
1-2: SINGLE (Groundball, 4D, EV 96.9 MPH)
Batting: RHB Ernie Weathersbee 0-0: Ball
1-0: Called Strike
1-1: Ball
2-1: Called Strike
2-2: Ball
3-2: Foul Ball, location: 2F
3-2: Strikes out swinging
Top of the 1st over - 0 runs, 1 hit, 0 errors, 1 left on base; Norfolk 0 - Columbus 0
BOTTOM OF THE 1ST
Columbus Clippers batting - Pitching for Norfolk Tides : LHP Taylor Sightler
Pitching: LHP Taylor Sightler
Batting: RHB Chang-wei Jiang 0-0: Called Strike
0-1: Swinging Strike
0-2: Ball
1-2: Strikes out swinging
Batting: LHB Jesus Lozano 0-0: Ball
1-0: Ball
2-0: Called Strike
2-1: Ball
3-1: Foul Ball, location: 2F
3-2: Base on Balls
Batting: RHB Eddie LaRose 0-0: Ball
1-0: Ball
2-0: Called Strike
2-1: Swinging Strike
2-2: Foul Ball, location: 2F
2-2: Ball
3-2: SINGLE (Groundball, 56D, EV 101.9 MPH)
Jesus Lozano to second
Jesus Lozano to third
Batting: RHB Josh Hoeye 0-0: Ball
1-0: Ball
2-0: Called Strike
2-1: Foul Ball, location: 2F
2-2: Foul Ball, location: 2F
2-2: SINGLE (Line Drive, 56, EV 98.1 MPH)
Jesus Lozano scores
Eddie LaRose to second
Batting: LHB Jim Keefe 0-0: Ball
Wild Pitch!
Eddie LaRose to third
Josh Hoeye to second
1-0: Ball
2-0: Ball
3-0: Called Strike
3-1: Foul Ball, location: 2F
3-2: Foul Ball, location: 2F
3-2: Base on Balls
Batting: RHB Stephen Charbonneau 0-0: Called Strike
0-1: Ball
1-1: Ball
2-1: Ball
3-1: Base on Balls
Eddie LaRose scores
Josh Hoeye to third
Jim Keefe to second
Batting: LHB Corey Trevor 0-0: SINGLE (Groundball, 4, EV 98.8 MPH)
Josh Hoeye scores
Jim Keefe to third
Stephen Charbonneau to second
Batting: LHB Jack Bell 0-0: Swinging Strike
0-1: Ball
1-1: Fielders Choice at 2nd, 3-6 (Groundball, 3, EV 105.6 MPH)
Jim Keefe scores
Stephen Charbonneau to third
Batting: LHB Robert Watson 0-0: Ball
1-0: Ball
2-0: Called Strike
2-1: Foul Ball, location: 2F
2-2: Foul Ball, location: 2F
2-2: Ball
3-2: Ground out 4-3 (Groundball, 4, EV 82.5 MPH)
Bottom of the 1st over - 4 runs, 3 hits, 0 errors, 2 left on base; Norfolk 0 - Columbus 4
TOP OF THE 2ND
Norfolk Tides batting - Pitching for Columbus Clippers : RHP Joe Zeiset
Batting: RHB Bobby Scholl 0-0: Ball
1-0: Swinging Strike
1-1: Hit by Pitch
Batting: LHB Pat Shaddock 0-0: Ball
1-0: Fly out, F7 (Flyball, 7S, EV 88.8 MPH)
Batting: RHB Travis Carter 0-0: Swinging Strike
0-1: Called Strike
0-2: Fielders Choice at 2nd, 6-4 (Groundball, 6, EV 80.6 MPH)
Batting: RHB Andrew Korman 0-0: Foul Ball, location: 2F
0-1: Swinging Strike
0-2: Ball
Wild Pitch!
Travis Carter to second
1-2: Ball
2-2: Strikes out swinging
Top of the 2nd over - 0 runs, 0 hits, 0 errors, 1 left on base; Norfolk 0 - Columbus 4
BOTTOM OF THE 2ND
Columbus Clippers batting - Pitching for Norfolk Tides : LHP Taylor Sightler
Batting: RHB Chang-wei Jiang 0-0: Ball
1-0: Ball
2-0: Called Strike
2-1: Ball
3-1: Base on Balls
Batting: LHB Jesus Lozano 0-0: Ball
1-0: Called Strike
1-1: Swinging Strike
1-2: Ball
2-2: Grounds into double play, 6-4-3 (Groundball, 6, EV 81.9 MPH)
Batting: RHB Eddie LaRose 0-0: Called Strike
0-1: Ball
1-1: Called Strike
1-2: Strikes out looking
Bottom of the 2nd over - 0 runs, 0 hits, 0 errors, 0 left on base; Norfolk 0 - Columbus 4
TOP OF THE 3RD
Norfolk Tides batting - Pitching for Columbus Clippers : RHP Joe Zeiset
Batting: LHB James Betron 0-0: Ball
1-0: Ball
2-0: Called Strike
2-1: Swinging Strike
2-2: Foul Ball, location: 2F
2-2: Ball
3-2: Foul Ball, location: 2F
3-2: Base on Balls
Batting: RHB Bobby Melillo 0-0: Called Strike
0-1: Called Strike
0-2: Ball
1-2: Strikes out swinging
Batting: RHB Mario Saez 0-0: Ball
1-0: Ball
2-0: Ball
3-0: Called Strike
3-1: Base on Balls
James Betron to second
Batting: LHB Wes Goscinski 0-0: Ball
1-0: Ball
2-0: Called Strike
2-1: Foul Ball, location: 2F
2-2: DOUBLE (Line Drive, 9LD, EV 109.4 MPH)
James Betron scores
Mario Saez to third
Batting: RHB Ernie Weathersbee 0-0: Fly out, F8 (Flyball, 8RS, EV 90.6 MPH)
Batting: RHB Bobby Scholl 0-0: Ball
Wild Pitch!
Mario Saez scores
Wes Goscinski to third
1-0: Ball
2-0: Fly out, F8 (Line Drive, 8LM, EV 109.4 MPH)
Top of the 3rd over - 2 runs, 1 hit, 0 errors, 1 left on base; Norfolk 2 - Columbus 4
BOTTOM OF THE 3RD
Columbus Clippers batting - Pitching for Norfolk Tides : LHP Taylor Sightler
Batting: RHB Josh Hoeye 0-0: SOLO HOME RUN (Flyball, 7D, EV 101.2 MPH), Distance : 400 ft
Pitching: LHP Pat Dantzler
Batting: LHB Jim Keefe 0-0: Ball
1-0: Ball
2-0: Called Strike
2-1: Ball
3-1: Foul Ball, location: 2F
3-2: Base on Balls
Batting: RHB Stephen Charbonneau 0-0: Called Strike
0-1: Foul Ball, location: 2F
0-2: Fielders Choice at 2nd, 5-4 (Groundball, 56, EV 90.0 MPH)
Batting: LHB Corey Trevor 0-0: Ball
1-0: Called Strike
1-1: Ball
2-1: Fielders Choice at 2nd, 4-6 (Groundball, 4D, EV 103.8 MPH)
Batting: LHB Jack Bell 0-0: Ball
1-0: Called Strike
1-1: Foul Ball, location: 2F
1-2: Foul Ball, location: 2F
1-2: Ball
2-2: SINGLE (Line Drive, 89S, EV 104.4 MPH)
Corey Trevor to second
Runner from 2nd tries for 3rd, SAFE, throw by RF made to third
Batting: LHB Robert Watson 0-0: Ball
Wild Pitch!
Corey Trevor scores
Jack Bell to second
1-0: Ball
2-0: Hit by Pitch
Batting: RHB Chang-wei Jiang 0-0: Called Strike
0-1: Ball
1-1: Called Strike
1-2: Ball
2-2: Foul Ball, location: 2F
2-2: SINGLE (Groundball, 6MD, EV 107.5 MPH) (infield hit)
Jack Bell to third
Robert Watson to second
Batting: LHB Jesus Lozano 0-0: Ball
1-0: Called Strike
1-1: Called Strike
1-2: Ball
2-2: Fly out, F2 (Popup, 25F, EV 79.4 MPH)
Bottom of the 3rd over - 2 runs, 3 hits, 0 errors, 3 left on base; Norfolk 2 - Columbus 6
TOP OF THE 4TH
Norfolk Tides batting - Pitching for Columbus Clippers : RHP Joe Zeiset
Batting: LHB Pat Shaddock 0-0: Foul Ball, location: 2F
0-1: Ball
1-1: Foul Ball, location: 2F
1-2: Strikes out looking
Batting: RHB Travis Carter 0-0: Ball
1-0: Swinging Strike
1-1: Ball
2-1: Ground out 4-3 (Groundball, 4, EV 85.6 MPH)
Batting: RHB Andrew Korman 0-0: Ball
1-0: Foul Ball, location: 2F
1-1: Ball
2-1: Ball
3-1: Foul Ball, location: 2F
3-2: SINGLE (Flyball, 89S, EV 90.6 MPH)
Batting: LHB James Betron 0-0: Fielders Choice at 2nd, 6-4 (Groundball, 6, EV 95.6 MPH)
Top of the 4th over - 0 runs, 1 hit, 0 errors, 1 left on base; Norfolk 2 - Columbus 6
BOTTOM OF THE 4TH
Columbus Clippers batting - Pitching for Norfolk Tides : LHP Pat Dantzler
Batting: RHB Eddie LaRose 0-0: Ball
1-0: Foul Ball, location: 2F
1-1: Swinging Strike
1-2: Strikes out swinging
Batting: RHB Josh Hoeye 0-0: Called Strike
0-1: Ball
1-1: Called Strike
1-2: Foul Ball, location: 2F
1-2: Ball
2-2: Strikes out swinging
Batting: LHB Jim Keefe 0-0: Called Strike
0-1: Swinging Strike
0-2: Ball
1-2: Ball
2-2: Ground out 1-3 (Groundball, 13S, EV 73.8 MPH)
Bottom of the 4th over - 0 runs, 0 hits, 0 errors, 0 left on base; Norfolk 2 - Columbus 6
TOP OF THE 5TH
Norfolk Tides batting - Pitching for Columbus Clippers : RHP Joe Zeiset
Batting: RHB Bobby Melillo 0-0: Ball
1-0: Foul Ball, location: 2F
1-1: Ball
2-1: Foul Ball, location: 2F
2-2: Foul Ball, location: 2F
2-2: Strikes out swinging
Batting: RHB Mario Saez 0-0: Ball
1-0: Called Strike
1-1: Ball
2-1: Swinging Strike
2-2: Foul Ball, location: 2F
2-2: Strikes out swinging
Batting: LHB Wes Goscinski 0-0: Ball
1-0: Fly out, F8 (Line Drive, 89M, EV 91.2 MPH)
Top of the 5th over - 0 runs, 0 hits, 0 errors, 0 left on base; Norfolk 2 - Columbus 6
BOTTOM OF THE 5TH
Columbus Clippers batting - Pitching for Norfolk Tides : LHP Pat Dantzler
Batting: RHB Stephen Charbonneau 0-0: Called Strike
0-1: Ground out 4-3 (Groundball, 4M, EV 92.5 MPH)
Batting: LHB Corey Trevor 0-0: Fly out, F9 (Flyball, 89M, EV 86.2 MPH)
Batting: LHB Jack Bell 0-0: Ball
1-0: SINGLE (Line Drive, 78S, EV 89.4 MPH)
Batting: LHB Robert Watson 0-0: Called Strike
Jack Bell steals 2nd base
0-1: Called Strike
0-2: Ball
1-2: Foul Ball, location: 2F
1-2: Foul Ball, location: 2F
1-2: Ball
2-2: Ground out 4-3 (Groundball, 34, EV 85.6 MPH)
Bottom of the 5th over - 0 runs, 1 hit, 0 errors, 1 left on base; Norfolk 2 - Columbus 6
TOP OF THE 6TH
Norfolk Tides batting - Pitching for Columbus Clippers : RHP Joe Zeiset
Batting: RHB Ernie Weathersbee 0-0: Called Strike
0-1: Called Strike
0-2: Ball
1-2: Fly out, F9 (Flyball, 9LM, EV 93.8 MPH)
Batting: RHB Bobby Scholl 0-0: Called Strike
0-1: Hit by Pitch
Batting: LHB Pat Shaddock 0-0: Called Strike
0-1: Called Strike
0-2: Strikes out looking
Batting: RHB Travis Carter 0-0: Called Strike
0-1: Ball
1-1: Foul Ball, location: 2F
1-2: Ball
2-2: Ball
3-2: Base on Balls
Bobby Scholl to second
Batting: RHB Andrew Korman 0-0: Ball
1-0: Fly out, F9 (Flyball, 89M, EV 89.4 MPH)
Top of the 6th over - 0 runs, 0 hits, 0 errors, 2 left on base; Norfolk 2 - Columbus 6
BOTTOM OF THE 6TH
Columbus Clippers batting - Pitching for Norfolk Tides : LHP Pat Dantzler
Batting: RHB Chang-wei Jiang 0-0: Called Strike
0-1: Ball
1-1: Foul Ball, location: 2F
1-2: Ball
2-2: Ball
3-2: Fly out, F6 (Line Drive, 6, EV 74.4 MPH)
Batting: LHB Jesus Lozano 0-0: Called Strike
0-1: Ball
1-1: Ball
2-1: Foul Ball, location: 2F
2-2: Strikes out swinging
Pitching: RHP Shane Kruger
Batting: RHB Eddie LaRose 0-0: Swinging Strike
0-1: Swinging Strike
0-2: Ball
1-2: Strikes out swinging
Bottom of the 6th over - 0 runs, 0 hits, 0 errors, 0 left on base; Norfolk 2 - Columbus 6
TOP OF THE 7TH
Norfolk Tides batting - Pitching for Columbus Clippers : RHP Joe Zeiset
Now at 1B: Jesus Lozano
Now at 2B: Jason Sher
Batting: LHB James Betron 0-0: Fly out, F7 (Flyball, 78M, EV 83.8 MPH)
Batting: RHB Bobby Melillo 0-0: Ball
1-0: Ball
2-0: SINGLE (Line Drive, 9S, EV 98.1 MPH)
Pitching: RHP Nate Souza
Batting: RHB Mario Saez 0-0: Ball
1-0: Ball
Bobby Melillo steals 2nd base
2-0: Called Strike
2-1: Swinging Strike
2-2: Ball
3-2: Base on Balls
Batting: LHB Wes Goscinski 0-0: Called Strike
0-1: Ball
1-1: Swinging Strike
1-2: Ball
2-2: Ball
3-2: Base on Balls
Bobby Melillo to third
Mario Saez to second
Batting: RHB Ernie Weathersbee 0-0: Ball
1-0: Ball
2-0: Ball
3-0: Called Strike
3-1: Swinging Strike
3-2: Strikes out swinging
Batting: RHB Bobby Scholl 0-0: Called Strike
0-1: Swinging Strike
0-2: Ball
1-2: Ball
2-2: Foul Ball, location: 2F
2-2: Strikes out looking
Top of the 7th over - 0 runs, 1 hit, 0 errors, 3 left on base; Norfolk 2 - Columbus 6
BOTTOM OF THE 7TH
Columbus Clippers batting - Pitching for Norfolk Tides : RHP Shane Kruger
Batting: LHB Costodio Varino 0-0: Ball
1-0: Ground out U3 (Groundball, 3, EV 104.4 MPH)
Batting: LHB Jim Keefe 0-0: Ball
1-0: Swinging Strike
1-1: Foul Ball, location: 2F
1-2: Ball
2-2: Ball
3-2: Fly out, F9 (Flyball, 9D, EV 89.4 MPH)
Batting: RHB Stephen Charbonneau 0-0: Ball
1-0: Ball
2-0: Foul Ball, location: 2F
2-1: Swinging Strike
2-2: Fly out, F2 (Popup, 15S, EV 83.8 MPH)
Bottom of the 7th over - 0 runs, 0 hits, 0 errors, 0 left on base; Norfolk 2 - Columbus 6
TOP OF THE 8TH
Norfolk Tides batting - Pitching for Columbus Clippers : RHP Nate Souza
Pitching: LHP Victor Garcia
Batting: LHB Pat Shaddock 0-0: Ground out 2-3 (Groundball, 2L, EV 64.4 MPH)
Batting: RHB Travis Carter 0-0: Called Strike
0-1: Ball
1-1: Ball
2-1: Ball
3-1: Called Strike
3-2: Foul Ball, location: 2F
3-2: Ground out 6-3 (Groundball, 6, EV 84.4 MPH)
Batting: RHB Andrew Korman 0-0: Called Strike
0-1: Ball
1-1: Ball
2-1: Foul Ball, location: 2F
2-2: Strikes out swinging
Top of the 8th over - 0 runs, 0 hits, 0 errors, 0 left on base; Norfolk 2 - Columbus 6
BOTTOM OF THE 8TH
Columbus Clippers batting - Pitching for Norfolk Tides : RHP Shane Kruger
Batting: LHB Corey Trevor 0-0: Ball
1-0: Ball
2-0: Ball
3-0: Called Strike
3-1: Ground out 2-3 (Groundball, 2L, EV 76.2 MPH)
Batting: LHB Jack Bell 0-0: Ball
1-0: Swinging Strike
1-1: Swinging Strike
1-2: Foul Ball, location: 2F
1-2: Ball
2-2: Strikes out looking
Batting: LHB Robert Watson 0-0: Ball
1-0: Ball
2-0: Foul Ball, location: 2F
2-1: Ball
3-1: Foul Ball, location: 2F
3-2: SINGLE (Flyball, 4D, EV 91.2 MPH)
Batting: RHB Chang-wei Jiang 0-0: Foul Ball, location: 2F
0-1: Ball
1-1: Swinging Strike
1-2: DOUBLE (Groundball, 5L, EV 106.2 MPH)
Robert Watson to third
Pitching: LHP Juan Becerra
Batting: LHB Jesus Lozano 0-0: Ball
1-0: Foul Ball, location: 2F
1-1: Swinging Strike
1-2: Foul Ball, location: 2F
1-2: Ball
2-2: Strikes out swinging
Bottom of the 8th over - 0 runs, 2 hits, 0 errors, 2 left on base; Norfolk 2 - Columbus 6
TOP OF THE 9TH
Norfolk Tides batting - Pitching for Columbus Clippers : LHP Victor Garcia
Pitching: RHP Chris Cohen
Batting: LHB James Betron 0-0: Ball
1-0: Ball
2-0: Ground out 4-3 (Groundball, 4, EV 85.6 MPH)
Batting: RHB Bobby Melillo 0-0: Ball
1-0: Called Strike
1-1: DOUBLE (Line Drive, 89D, EV 111.9 MPH)
Batting: RHB Mario Saez 0-0: Ball
1-0: Swinging Strike
1-1: Called Strike
1-2: DOUBLE (Line Drive, 78M, EV 105.0 MPH)
Bobby Melillo scores
Batting: LHB Wes Goscinski 0-0: Ball
1-0: Called Strike
1-1: Ball
2-1: Ball
3-1: Ground out 4-3 (Groundball, 4S, EV 67.5 MPH)
Mario Saez to third
Batting: RHB Ernie Weathersbee 0-0: Called Strike
0-1: Swinging Strike
0-2: Ball
1-2: Ball
2-2: Strikes out looking
Top of the 9th over - 1 run, 2 hits, 0 errors, 1 left on base; Norfolk 3 - Columbus 6
Tuesday, March 28th , 2023 - OOTP Baseball 23.10 Build 110